 Dungeon Crawl Stone Soup version 0.23.0 (webtiles) character file.

Game seed: 17503863743263197623

684 Nygeryga the Grappler (level 7, -5/67 HPs)
             Began as a Troll Monk on Feb 10, 2019.
             Slain by a troll (18 damage)
             ... on level 5 of the Dungeon.
             The game lasted 00:07:08 (3955 turns).

Nygeryga the Grappler (Troll Monk)                  Turns: 3955, Time: 00:07:08

Health: -5/67      AC:  7    Str: 22    XL:     7   Next: 35%
Magic:  6/6        EV: 10    Int:  6    God:
Gold:   222        SH:  0    Dex: 12    Spells: 6/6 levels left

rFire    . . .     SeeInvis .     - Unarmed
rCold    . . .     Gourm    +   (no shield)
rNeg     . . .     Faith    .   a - +1 robe
rPois    .         Spirit   .   (helmet restricted)
rElec    .         Reflect  .   (no cloak)
rCorr    .         Harm     .   (gloves unavailable)
MR       .....                  (boots unavailable)
Stlth    ++........             (no amulet)
HPRegen  0.61/turn              (no ring)
MPRegen  0.10/turn              (no ring)

@: about to teleport, studying Spellcasting
A: large, unfitting armour, claws 3, fast metabolism 3, gourmand, regeneration
1, shaggy fur 1, tough skin 3
a: no special abilities


You were on level 5 of the Dungeon.
You were full.

You visited 1 branch of the dungeon, and saw 5 of its levels.
You also visited: Sewer.

You collected 222 gold pieces.

Inventory:

Armour
 a - a +1 robe (worn)
Scrolls
 c - 2 scrolls of enchant armour
 e - 2 scrolls of amnesia {unknown}
 h - 8 scrolls of identify
 j - a scroll of fog
 m - 4 scrolls of remove curse
 p - 2 scrolls of fear
 q - a scroll of teleportation
 t - a scroll of blinking {unknown}
Potions
 d - a potion of agility
 f - a potion of might {unknown}
 g - 2 potions of haste {unknown}
 i - 2 potions of heal wounds {unknown}
 k - 5 potions of curing {unknown}
 l - 2 potions of cancellation {unknown}
 n - a potion of lignification {unknown}
 o - 3 potions of magic {unknown}
 r - 2 potions of flight {unknown}
 s - a potion of ambrosia {unknown}
Books
 u - a manual of Spellcasting
Comestibles
 b - 10 rations


   Skills:
 + Level 3.0 Fighting
 - Level 2.4 Dodging
 - Level 1.0 Stealth
 * Level 8.4 Unarmed Combat


You had 6 spell levels left.
You didn't know any spells.
Your spell library contained the following spells:

 Spells                   Type           Power        Failure   Level  Hunger
 Animate Skeleton         Necr           N/A          45%         1    ##.....
 Apportation              Tloc           #.....       45%         1    ##.....
 Confusing Touch          Hex            #.....       45%         1    ##.....
 Summon Small Mammal      Summ           #...         45%         1    ##.....


Dungeon Overview and Level Annotations

Branches:
Dungeon (5/15)
 Temple: D:4-7

Altars:
Elyvilon
Hepliaklqana
Qazlal
Ru
Trog

Shops:
D:4 %

Annotations:
D:3 1 runed translucent door, Morbidden's ghost, amateur DsGl


Innate Abilities, Weirdness & Mutations

You are too large for most types of armour.
You have claws for hands.
Your metabolism is lightning-fast.
You like to eat raw meat.
Your natural rate of healing is unusually fast.
You are covered in fur. (AC +1)
You have extremely tough skin. (AC +3)


Message History

You are too injured to fight recklessly!
You are too injured to fight recklessly!
You are too injured to fight recklessly!
You scratch the troll but do no damage.
The troll is heavily wounded.
You scratch the troll.
The troll is heavily wounded.
The troll bites you but does no damage. The troll closely misses you.
The troll misses you.
You completely miss the troll.
The troll is heavily wounded.
The troll bites you!
* * * LOW HITPOINT WARNING * * *
The troll claws you!
* * * LOW HITPOINT WARNING * * *
The troll claws you.
* * * LOW HITPOINT WARNING * * *
As you read the scroll of teleportation, it crumbles to dust.
You feel strangely unstable. The troll bites you!!
You die...

.........# #.......#
.........# #.........
.........#
#.......#..
.........#
#.......#..
.........# #.......#
.........####.......#
.................#
.................#
...#######.@.....# ..
#..T....# #.......#
'.......# .#.......#
..#......... ##
#......... ..........


You could see a troll.

Vanquished Creatures
  2 centaurs (D:4)
  A big kobold (Sewer)
  A scorpion (D:4)
  A howler monkey (D:4)
  A crimson imp (D:5)
  A hound (D:4)
  An orc wizard (D:4)
  2 worker ants (D:4)
  A river rat (Sewer)
  9 adders
  4 oozes (Sewer)
  An adder skeleton (D:5)
  5 worms
  2 dart slugs (D:1)
  4 leopard geckos
  3 orcs (D:4)
  5 ball pythons
  7 bats
  5 giant cockroaches
  7 hobgoblins
  7 jackals
  A quokka (D:3)
  7 frilled lizards
  9 goblins
  12 kobolds
  20 rats
119 creatures vanquished.

Notes
Turn   | Place    | Note
-------+----------+-------------------------------------------
     0 | D:1      | Nygeryga the Troll Monk began the quest for the Orb.
     0 | D:1      | Reached XP level 1. HP: 22/22 MP: 0/0
    23 | D:1      | Reached XP level 2. HP: 23/29 MP: 1/1
   764 | D:1      | Reached XP level 3. HP: 36/36 MP: 2/2
   915 | D:1      | Reached skill level 4 in Unarmed Combat
  1252 | D:2      | Reached XP level 4. HP: 44/44 MP: 3/3
  1537 | D:2      | Found a hazy altar of Hepliaklqana.
  1977 | D:3      | Found a runed translucent door.
  1977 | D:3      | Noticed Morbidden's ghost (amateur DsGl)
  2005 | D:3      | Reached skill level 5 in Unarmed Combat
  2094 | D:3      | Found a stormy altar of Qazlal.
  2245 | D:3      | Reached XP level 5. HP: 52/52 MP: 4/4
  2257 | D:3      | Found a glowing drain.
  2261 | Sewer    | Entered a sewer
  2435 | Sewer    | Reached skill level 6 in Unarmed Combat
  2661 | D:3      | Reached XP level 6. HP: 59/59 MP: 5/5
  3146 | D:4      | Reached skill level 7 in Unarmed Combat
  3322 | D:4      | Found a sacrificial altar of Ru.
  3379 | D:4      | Found a white marble altar of Elyvilon.
  3450 | D:4      | Noticed a moth of wrath
  3453 | D:4      | Found a bloodstained altar of Trog.
  3557 | D:4      | Found Aduin's Food Shop.
  3723 | D:4      | Reached XP level 7. HP: 30/67 MP: 6/6
  3730 | D:4      | Reached skill level 8 in Unarmed Combat
  3899 | D:5      | Entered Level 5 of the Dungeon
  3946 | D:5      | Noticed a troll
  3955 | D:5      | Slain by a troll

Skill      XL: |  1  2  3  4  5  6  7 |
---------------+----------------------+-----
Unarmed Combat | 4 5 6 7 8 |  8.4
Fighting       | 3 |  3.0
Dodging        | |  2.4
Stealth        | |  1.0

Action                   |  1- 3 |  4- 6 |  7- 9 || total
-------------------------+-------+-------+-------++-------
Melee: Unarmed           |   117 |   208 |    21 ||   346
       Punch             |     1 |     4 |     1 ||     6
  Use: Scroll            |       |     7 |     1 ||     8
 Stab: Sleeping          |     3 |     3 |       ||     6
       Paralysed         |       |     1 |       ||     1
  Eat: Chunk             |    14 |    23 |     3 ||    40
Armor: Robe              |    68 |    66 |     8 ||   142
Dodge: Dodged            |    65 |    86 |    11 ||   162
